 Dungeon Crawl Stone Soup version 0.24-a0-218-ga595e75 (webtiles) character file.

Game seed: 2627337350341717431

3181 Lanoc the Carver (level 9, 0/64 HPs)
             Began as an Octopode Berserker on Mar 30, 2019.
             Was an Elder of Trog.
             Succumbed to a killer bee's poison
             ... on level 8 of the Dungeon.
             The game lasted 00:10:04 (5859 turns).

Lanoc the Carver (Octopode Berserker)               Turns: 5859, Time: 00:10:04

Health: 0/64       AC:  1    Str: 16    XL:     9   Next: 95%
Magic:  9/9        EV: 17    Int: 10    God:    Trog [****..]
Gold:   259        SH:  4    Dex: 14    Spells: 8/8 levels left

rFire    . . .     SeeInvis .   z - +0 long sword
rCold    . . .     Gourm    .   (no shield)
rNeg     . . .     Faith    .   (helmet restricted)
rPois    .         Spirit   .   A - +4 amulet of reflection
rElec    .         Reflect  +   i - ring of stealth
rCorr    .         Harm     .   y - ring of flight
MR       .....                  (no ring)
Stlth    +++.......             (no ring)
HPRegen  0.20/turn              (no ring)
MPRegen  0.11/turn              (no ring)
                                (no ring)
                                (no ring)

@: lethally poisoned (0 -> -12), berserk cooldown, slowed, very slow
A: almost no armour, stealthy swim, amphibious, 8 rings, constrict 8, camouflage
1, gelatinous body 1
a: Berserk, Trog's Hand, Brothers in Arms, Renounce Religion, Evoke Flight


You were on level 8 of the Dungeon.
You worshipped Trog.
Trog was greatly pleased with you.
You were very hungry.

You visited 2 branches of the dungeon, and saw 9 of its levels.

You collected 259 gold pieces.

Inventory:

Hand Weapons
 z - a +0 long sword (weapon)
Jewellery
 i - a ring of stealth (left tentacle)
 y - a ring of flight (right tentacle)
 A - a +4 amulet of reflection (around mantle)
Wands
 p - a wand of flame (24)
Scrolls
 a - a scroll of brand weapon {unknown}
 d - 3 scrolls of amnesia {unknown}
 e - 5 scrolls of blinking {unknown}
 h - a scroll of enchant weapon {unknown}
 j - a scroll of noise {unknown}
 k - 7 scrolls of remove curse {unknown}
 m - 3 scrolls of teleportation {unknown}
 t - a scroll of fog {unknown}
Potions
 c - 3 potions of brilliance {unknown}
 f - 2 potions of haste {unknown}
 g - 2 potions of heal wounds
 l - a potion of resistance
 n - a potion of invisibility
 o - 2 potions of lignification
 q - a potion of berserk rage
 r - 3 potions of agility
 s - 2 potions of mutation
 u - a potion of flight
 v - a potion of ambrosia
 w - a potion of magic
Comestibles
 b - 15 rations
 x - 2 chunks of flesh


   Skills:
 + Level 7.4 Fighting
 * Level 10.1 Long Blades
 + Level 7.4 Dodging


You had 8 spell levels left.
You didn't know any spells.
Your spell library was empty.

Dungeon Overview and Level Annotations

Branches:
Dungeon (8/15)             Temple (1/1) D:6
   Lair: D:8-11

Altars:
Dithmenos
Elyvilon
Gozag
Makhleb
Nemelex Xobeh
Yredelemnul


Innate Abilities, Weirdness & Mutations

You cannot wear most types of armour.
You are very stealthy in the water. (Stealth+)
You are amphibious.
You can wear up to eight rings at the same time.
You can use your tentacles to constrict eight enemies at once.
Your skin changes colour to match your surroundings (Stealth+).
Your rubbery body absorbs attacks. (AC +1, EV +1)


Message History

You hit the killer bee. Your grab misses the killer bee.
The killer bee is moderately wounded.
You feel sick. The killer bee stings you!
* * * LOW HITPOINT WARNING * * *
You hit the killer bee. You grab the killer bee.
The killer bee is heavily wounded.
You constrict the killer bee.
* * * LOW HITPOINT WARNING * * *
You feel sick. The killer bee stings you.
* * * LOW HITPOINT WARNING * * *
You barely miss the killer bee.
The killer bee is heavily wounded.
You constrict the killer bee. The killer bee closely misses you.
You riposte.
You slice the killer bee!!
You kill the killer bee!
Trog accepts your kill.
You are no longer berserk.
You are exhausted.
You feel yourself slow down.
You die...

.... .# .. #.. ##. .##.#
##.. ###.###.#..#.#..#
##.#..#..........#
##......... #.###
......##.## ##†#.# #
..........# ##....##.#.
..........## #.@........
#......##..# ###.........
......###..###...........
...#..####..###..#..#....
####...##.......###.#....
####...##..#....# ......
...###....##.....##......
....##....#.............
#...#....####...........


There were no monsters in sight!

Vanquished Creatures
  Psyche (D:8)
  A wyvern (D:8)
  4 hogs (D:7)
  The ghost of bli the Ducker, an amateur DrFi (D:4)
  A human (D:7)
  2 phantoms
  An ice beast (D:7)
  An ogre (D:6)
  A centaur (D:6)
  A bullfrog (D:6)
  A scorpion (D:4)
  5 wights (D:7)
  4 killer bees (D:8)
  4 howler monkeys
  3 crimson imps
  3 bullfrog zombies
  5 hounds
  4 orc priests
  Natasha (thrice) (D:4)
  2 orc wizards
  2 worker ants
  A hound zombie (D:7)
  A worker ant zombie (D:7)
  8 adders
  A shadow imp (D:6)
  7 worms
  2 dart slugs
  3 leopard geckos
  13 orcs
  6 bats
  3 giant cockroaches
  5 goblins
  5 hobgoblins
  8 jackals (D:1)
  4 kobolds
  A quokka (D:5)
  A ball python (D:1)
  4 frilled lizards
  A jackal skeleton (D:4)
  A quokka zombie (D:6)
  9 rats
134 creatures vanquished.

Notes
Turn   | Place    | Note
-------+----------+-------------------------------------------
     0 | D:1      | Lanoc the Octopode Berserker began the quest for the Orb.
     0 | D:1      | Reached XP level 1. HP: 16/16 MP: 1/1
   234 | D:1      | Reached XP level 2. HP: 21/21 MP: 2/2
   742 | D:1      | Reached XP level 3. HP: 25/26 MP: 3/3
   791 | D:1      | Reached ** piety under Trog
   874 | D:2      | Reached skill level 4 in Long Blades
   874 | D:2      | Reached XP level 4. HP: 25/31 MP: 4/4
  1373 | D:3      | Reached XP level 5. HP: 37/37 MP: 5/5
  1918 | D:4      | Noticed Natasha
  1920 | D:4      | Killed Natasha
  1982 | D:4      | Reached skill level 5 in Long Blades
  2012 | D:4      | Reached XP level 6. HP: 31/43 MP: 6/6
  2013 | D:4      | Noticed Natasha
  2018 | D:4      | Killed Natasha
  2018 | D:4      | Reached *** piety under Trog
  2103 | D:4      | Found a runed translucent gate.
  2103 | D:4      | Found a runed translucent gate.
  2103 | D:4      | Found a runed translucent gate.
  2103 | D:4      | Found an opulent altar of Gozag.
  2103 | D:4      | Noticed Natasha
  2104 | D:4      | Noticed bli's ghost (amateur DrFi)
  2111 | D:4      | Killed Natasha
  2215 | D:4      | Killed bli's ghost
  2215 | D:4      | Reached XP level 7. HP: 49/49 MP: 7/7
  2299 | D:4      | Found a sparkling altar of Nemelex Xobeh.
  2379 | D:4      | Reached skill level 6 in Long Blades
  2436 | D:4      | Found a burning altar of Makhleb.
  2859 | D:5      | Entered Level 5 of the Dungeon
  3148 | D:5      | Found a sparkling altar of Nemelex Xobeh.
  3428 | D:5      | Reached skill level 5 in Fighting
  3428 | D:5      | Reached skill level 5 in Dodging
  3723 | D:6      | Reached XP level 8. HP: 42/55 MP: 8/8
  3798 | D:6      | Reached skill level 7 in Long Blades
  3886 | D:6      | Found a staircase to the Ecumenical Temple.
  3929 | Temple   | Entered the Ecumenical Temple
  4485 | D:7      | Reached skill level 8 in Long Blades
  4521 | D:7      | Found a shadowy altar of Dithmenos.
  4671 | D:7      | Reached XP level 9. HP: 28/62 MP: 9/9
  5536 | D:7      | Reached skill level 9 in Long Blades
  5795 | D:8      | Noticed Psyche
  5801 | D:8      | Killed Psyche
  5851 | D:8      | Reached **** piety under Trog
  5851 | D:8      | Reached skill level 10 in Long Blades
  5857 | D:8      | HP: 1/96 [killer bee (4)]
  5859 | D:8      | Succumbed to a killer bee's poison

Levels and vault maps discovered:
D:1:      dpeg_arrival_radiant, layout_loops_ring, kennysheep_boxes
D:2:      layout_rooms, first_ration
D:3:      layout_loops_cross, minmay_misc_feat_columns
D:4:      layout_cave_pods, kennysheep_mini, ebering_ghost_gozag,
          nemelex_spade_bored_becter, uniq_natasha
D:5:      layout_loops_ring, nemelex_lonely_heart_becter
D:6:      layout_rooms, minmay_temple_entry_antechambers
D:7:      layout_gridville, basic_altar, grunt_livestock
D:8:      layout_cave_pools, chequers_serial_rivers_marsh, minivault_19,
          hangedman_abyss_or_decor_lesser_grid, uniq_psyche
Temple:   compressed_dpeg_circular_temple

Skill      XL: |  1  2  3  4  5  6  7  8  9 |
---------------+----------------------------+-----
Long Blades    | 4 5 6 8 10 | 10.1
Fighting       | 4 5 6 7 |  7.4
Dodging        | 4 5 6 7 |  7.4

Action                   |  1- 3 |  4- 6 |  7- 9 || total
-------------------------+-------+-------+-------++-------
Melee: Falchion          |    45 |    63 |    88 ||   196
       Constrict         |    19 |    22 |    42 ||    83
       Tentacles         |     8 |    25 |    64 ||    97
       Long sword        |       |       |    81 ||    81
Invok: Berserk           |     2 |     3 |     7 ||    12
       Trog's Hand       |       |     1 |     2 ||     3
  Use: Scroll            |       |       |    10 ||    10
 Stab: Sleeping          |     6 |     4 |     4 ||    14
       Distracted        |       |     1 |     1 ||     2
  Eat: Chunk             |     1 |     6 |    12 ||    19
       Ration            |       |       |     2 ||     2
Armor: Skin              |     1 |     1 |     2 ||     4
Dodge: Dodged            |    28 |    46 |   112 ||   186
Block: Other             |       |       |     3 ||     3
       Rpst.: Falchion   |    13 |    17 |    22 ||    52
       Long sword        |       |       |    18 ||    18

Table legend:
 A = Non-vault XP
 B = Vault XP
 C = Vault XP percentage of total XP
 D = Non-vault monster count
 E = Vault monster count
 F = Vault count percentage of total count
                 A         B        C        D         E       F
            +---------+---------+-------+---------+---------+-------
      Total |    2857 |    1688 |  37.1 |     123 |      11 |   8.2
            +---------+---------+-------+---------+---------+-------
        D:1 |      44 |       0 |   0.0 |      24 |       0 |   0.0
        D:2 |      99 |       0 |   0.0 |      22 |       0 |   0.0
        D:3 |      87 |       0 |   0.0 |      14 |       0 |   0.0
        D:4 |     355 |     303 |  46.0 |      15 |       5 |  25.0
        D:5 |     180 |       0 |   0.0 |       4 |       0 |   0.0
        D:6 |     684 |       0 |   0.0 |      16 |       0 |   0.0
        D:7 |     930 |     975 |  51.2 |      17 |       5 |  22.7
        D:8 |     478 |     410 |  46.2 |      11 |       1 |   8.3
            +---------+---------+-------+---------+---------+-------
